 Dungeon Crawl Stone Soup version 0.28-a0-722-gc0678643b6 (webtiles) character file.

Game seed: 13739225809631831648

23 Lekart the Skirmisher (level 2, -1/26 HPs)
             Began as a Draconian Abyssal Knight on Oct 24, 2021.
             Was a Follower of Lugonu.
             Slain by a water moccasin skeleton (2 damage)
             ... on level 2 of the Dungeon.
             The game lasted 00:01:57 (1214 turns).

Lekart the Skirmisher (Draconian Abyssal Knight)    Turns: 1214, Time: 00:01:58

Health: -1/26      AC:  4    Str: 15    XL:     2   Next: 75%
Magic:  3/3        EV: 12    Int: 10    God:    Lugonu [*.....]
Gold:   66         SH:  0    Dex: 11    Spells: 1/1 levels left

rFire   . . .      SeeInvis .   a - +1 hand axe
rCold   . . .      Faith    .   (no shield)
rNeg    . . .      Spirit   .   (armour unavailable)
rPois   .          Reflect  .   (helmet restricted)
rElec   .          Harm     .   (no cloak)
rCorr   .          Rampage  .   (no gloves)
Will    .....                   (no boots)
Stlth   +.........              (no amulet)
HPRegen 0.08/turn               (no ring)
MPRegen 0.08/turn               (no ring)

@: no status effects
A: AC +4, unfitting armour, cold-blooded
a: Renounce Religion, Depart the Abyss


You were on level 2 of the Dungeon.
You worshipped Lugonu.
Lugonu was aware of your devotion.
You visited 1 branch of the dungeon, and saw 2 of its levels.
You visited the Abyss 1 time.

You collected 66 gold pieces.

Inventory:

Hand Weapons
 a - a +1 hand axe (weapon)
Missiles
 b - 3 datura-tipped darts (quivered)
Potions
 c - a potion of heal wounds


   Skills:
 + Level 3.6 Fighting
 + Level 2.3 Axes
 + Level 2.5 Dodging
 * Level 2.2 Invocations


You had one spell level left.
You didn't know any spells.
Your spell library was empty.

Dungeon Overview and Level Annotations

Branches:
Dungeon (2/15)

Altars:


Innate Abilities, Weirdness & Mutations

Your plain brown scales are hard. (AC +4)
You cannot fit into any form of body armour.
You are cold-blooded and may be slowed by cold attacks.


Message History

The water moccasin skeleton bites you but does no damage.
You are too injured to fight recklessly!
You are too injured to fight recklessly!
You are too injured to fight recklessly!
You barely miss the water moccasin skeleton.
The water moccasin skeleton is heavily damaged.
The water moccasin skeleton barely misses you.
You closely miss the water moccasin skeleton.
Your tail-slap misses the water moccasin skeleton.
The water moccasin skeleton is heavily damaged.
The water moccasin skeleton bites you.
The water moccasin skeleton barely misses you.
You barely miss the water moccasin skeleton.
You tail-slap the water moccasin skeleton.
The water moccasin skeleton is heavily damaged.
The water moccasin skeleton closely misses you.
You hit the water moccasin skeleton.
The water moccasin skeleton is severely damaged.
The water moccasin skeleton misses you.
The water moccasin skeleton bites you but does no damage.
You hit the water moccasin skeleton.
The water moccasin skeleton is severely damaged.
The water moccasin skeleton bites you.
You completely miss the water moccasin skeleton.
The water moccasin skeleton is severely damaged.
The water moccasin skeleton barely misses you.
The water moccasin skeleton bites you.
You barely miss the water moccasin skeleton.
The water moccasin skeleton is severely damaged.
The water moccasin skeleton closely misses you.
You hit the water moccasin skeleton.
Your tail-slap misses the water moccasin skeleton.
The water moccasin skeleton is almost destroyed.
The water moccasin skeleton bites you!
* * * LOW HITPOINT WARNING * * *
You barely miss the water moccasin skeleton.
The water moccasin skeleton is almost destroyed.
The water moccasin skeleton barely misses you.
The water moccasin skeleton bites you.
You die...

.# ..####
.....######
#.#......#
#........#
#........#
###.#Z.....#.##
#.....@<.......
.....#..†..##...
#.. #.....# .
...........
..##.......#.#
...........[.
..............
#....#.........
##.#....#...r.#


You could see a water moccasin skeleton.

Vanquished Creatures
  2 endoplasms (D:1)
  4 giant cockroaches (D:1)
  A jackal (D:1)
  4 ball pythons
  3 goblins (D:1)
  2 kobolds (D:1)
  5 rats (D:1)
21 creatures vanquished.

Vanquished Creatures (collateral kills)
  A jackal (D:1)
1 creature vanquished.

Vanquished Creatures (others)
  A hobgoblin (D:1)
  A demonic plant (D:1)
2 creatures vanquished.

Grand Total: 24 creatures vanquished

Notes
Turn   | Place    | Note
-------+----------+-------------------------------------------
     0 | Abyss:1  | Lekart the Draconian Abyssal Knight began the quest for the
                  | Orb.
     0 | Abyss:1  | Reached XP level 1. HP: 19/19 MP: 2/2
    46 | Abyss:2  | Found a corrupted altar of Lugonu.
    52 | Abyss:2  | Noticed a vampire mage
    62 | Abyss:2  | Noticed a titan skeleton
    62 | Abyss:2  | Noticed a shadow
    62 | Abyss:2  | Noticed a wight
    62 | Abyss:2  | Noticed a wight
    66 | D:1      | Escaped the Abyss
   494 | D:1      | Reached XP level 2. HP: 26/26 MP: 3/3
   670 | D:1      | Found a faded altar of an unknown god.
   670 | D:1      | Noticed a chaos spawn
   744 | D:1      | Reached * piety under Lugonu
  1213 | D:2      | HP: 1/26 [water moccasin skeleton (7)]
  1214 | D:2      | Slain by a water moccasin skeleton

Illustrated notes

Levels and vault maps discovered:
D:1:      lightli_arrival_boilingwater, layout_basic,
          dreamdust_ecumenical_altar_sealed_demon
D:2:      layout_basic, minmay_pentomino_x4

Action                   || total
-------------------------++-------
Melee: Hand axe          ||    64
       Tailslap          ||     6
Throw: Dart              ||     3
Invok: Depart the Abyss  ||     1
  Use: Scroll            ||     3
       Potion            ||     1
 Stab: Distracted        ||     1
Armor: Skin              ||    16
Dodge: Dodged            ||    32

Table legend: (Time is in decaauts)
 A = Elapsed time spent in this place.
 B = Non-inter-level travel time spent in this place.
 C = Inter-level travel time spent in this place.
 D = Time resting spent in this place.
 E = Time spent auto-exploring this place.
 F = Levels seen in this place.
 G = Mean time per level.
                   A        B        C        D        E       F      G
               +--------+--------+--------+--------+--------+-----+--------+
         Total |   1229 |   1215 |     14 |      0 |   1011 |   5 |  245.8 |
       Dungeon |   1164 |   1150 |     14 |      0 |    979 |   2 |  582.0 |
         Abyss |     65 |     65 |      0 |      0 |     32 |   3 |   21.7 |
               +--------+--------+--------+--------+--------+-----+--------+

Top non-repeatable levels by time:
     D:1: 1143 daAuts
 Abyss:1: 36 daAuts
 Abyss:2: 28 daAuts
     D:2: 20 daAuts
 Abyss:3: 0 daAuts
